 Seeded DCSS version 0.31.0-11-ge490571c62 (webtiles) character file.

Game seed: 11299374225339063279 (custom seed)

6731 CInkIbrahim the Impaler (level 11, 0/75 HPs)
             Began as a Formicid Fighter on Feb 8, 2024.
             Was an Elder of Qazlal.
             Slain by a two-headed ogre
             ... wielding a +0 giant club
              (1 damage)
             ... on level 8 of the Dungeon.
             The game lasted 00:11:16 (7578 turns).

CInkIbrahim the Impaler (Formicid Fighter)          Turns: 7578, Time: 00:11:17

Health: 0/75       AC: 16    Str: 25    XL:     11   Next: 24%
Magic:  14/14      EV:  9    Int:  8    God:    Qazlal [****..]
Gold:   197        SH: 10    Dex: 13    Spells: 10/10 levels left

rFire   . . .        a - +10 bardiche of the Forest {protect, +Blink rC+}
rCold   + + .        c - +0 buckler
rNeg    . . .        h - +0 scale mail
rPois   .            (helmet unavailable)
rElec   .            w - +1 cloak {rCorr}
rCorr   +            (no gloves)
SInv    +            (no boots)
Will    +....        E - amulet of magic regeneration Stlth
                     n - ring of protection from cold
HPRegen 0.32/turn    (no ring)
MPRegen 0.54/turn

%: repel missiles
@: under a protective aura
A: permanent stasis, dig shafts and tunnels, antennae 3, four strong arms
a: Dig, Shaft Self, Renounce Religion, Upheaval, Elemental Force


You were on level 8 of the Dungeon.
You worshipped Qazlal.
Qazlal was greatly pleased with you.
You visited 1 branch of the dungeon, and saw 9 of its levels.

You collected 373 gold pieces.
You spent 176 gold pieces at shops.

Inventory:

Hand Weapons
 a - the +10 bardiche of the Forest (weapon) {protect, +Blink rC+}
   (You found it on level 2 of the Dungeon)

   rC+:       It protects you from cold.
   +Blink:    It lets you blink.
 b - a +0 trident
 r - a +2 quarterstaff of draining
 x - a +2 quarterstaff of chaos
 z - a +3 halberd
Missiles
 v - a throwing net
 y - a curare-tipped dart
Armour
 c - a +0 buckler (worn)
 h - a +0 scale mail (worn)
 o - a +0 kite shield
 w - a +1 cloak of preservation (worn)
Jewellery
 n - a ring of protection from cold (left hand)
 A - a ring of fire
 E - an amulet of magic regeneration (around neck)
Talismans
 p - a granite talisman
 s - a maw talisman
Wands
 u - a wand of paralysis (8)
Scrolls
 d - a scroll of summoning {unknown}
 e - 2 scrolls of immolation
 i - a scroll of vulnerability {unknown}
 k - a scroll of identify
 q - a scroll of blinking
 t - 4 scrolls of teleportation
 B - 2 scrolls of enchant weapon {unknown}
 C - a scroll of amnesia
 D - a scroll of noise {unknown}
Potions
 f - 2 potions of lignification
 g - 2 potions of enlightenment
 j - a potion of haste
 l - a potion of attraction
 m - 4 potions of curing


   Skills:
 - Level 3.2 Fighting
 * Level 15.7 Polearms
 - Level 3.2 Armour
 - Level 4.0 Shields
 - Level 5.0 Invocations


You had 10 spell levels left.
You didn't know any spells.
Your spell library contained the following spells:

 Spells                   Type           Power      Damage    Failure   Level
 Stone Arrow              Conj/Erth      0%         3d7       98%         3
 Animate Armour           Summ/Erth      0%         N/A       100%        4
 Lehudib's Crystal Spear  Conj/Erth      0%         10d2      100%        8


Dungeon Overview and Level Annotations

Branches:
Dungeon (9/15)             Temple (0/1) D:4            Lair (0/5) D:8
    Orc: D:9-12

Altars:
Ashenzari
Cheibriados
Fedhas
Gozag
Hepliaklqana
Kikubaaqudgha
Qazlal
Wu Jian
The Shining One

Shops:
D:2 :   D:3 :   D:4 !

Annotations:
D:6 3 runed translucent doors, Swimmer's ghost, novice MiFi


Innate Abilities, Weirdness & Mutations

You cannot be hasted, slowed, berserked, paralysed or teleported.
You can dig through walls and to a lower floor.
You have a pair of large antennae on your head. (SInv)
Your four strong arms can wield two-handed weapons with a shield.


Message History

The two-headed ogre hits you with a +0 dire flail.
The gnoll closely misses you. The killer bee completely misses you.
The gnoll hits you but does no damage.
There is a stone staircase leading up, spattered with blood here.
The killer bee stings you but does no damage.
The two-headed ogre hits you with a +0 giant club!!
The two-headed ogre barely misses you. The killer bee stings you.
The acid dragon spits acid at you. The splash of acid hits you! You resist.
The gnoll hits you with a +0 whip.
You climb upwards.
There is a stone staircase leading down, spattered with blood here.
You are too injured to fight recklessly!
You slash the two-headed ogre!
Your weapon exudes an aura of protection.
The two-headed ogre is moderately wounded.
The killer bee closely misses you.
The killer bee stings you but does no damage.
The gnoll hits you with a +0 whip. You block the two-headed ogre's attack.
The two-headed ogre hits you but does no damage.
You slash the two-headed ogre!
The two-headed ogre is heavily wounded.
The killer bee stings you but does no damage.
You block the killer bee's attack. You block the gnoll's attack.
You barely miss the two-headed ogre.
The two-headed ogre is heavily wounded.
You block the killer bee's attack.
The two-headed ogre hits you but does no damage.
The two-headed ogre hits you with a +0 dire flail!
* * * LOW HITPOINT WARNING * * *
The killer bee stings you but does no damage.
The gnoll hits you with a +0 whip.
* * * LOW HITPOINT WARNING * * *
You block the killer bee's attack.
You slash the two-headed ogre!
The two-headed ogre is heavily wounded.
The killer bee closely misses you.
The two-headed ogre hits you with a +0 giant club!
* * * LOW HITPOINT WARNING * * *
The two-headed ogre hits you with a +0 dire flail.
You die...

#[# #..#####...........###
# #.# #......####........#
# #.# #.####.# #.........#
# #.# #.# #.# ##.#.#...## #
#.# #.# #.# #.#.#.### #
#.#####.## #.# ##.....#
#.##.....# #.# #.....##
#.##.....###.###g°...#
#.##...........O@)<..#
#........##.#.###y○.##
####.....#.###.###.##
####.#.## ##÷...#
#.##†###.##..# #####
#.###.#.###..# #.... #.#
##.## #..# #.### #.# ###
#..# #.###
#.#########..##########....


You could see a two-headed ogre, a killer bee and a gnoll.

Vanquished Creatures
  3 death yaks (D:8)
  Sigmund (D:5)
  A wyvern (D:8)
  6 yaks (D:8)
  3 water moccasins
  4 ice beasts
  A sky beast (D:8)
  4 orc warriors
  2 ogres
  4 centaurs
  A kobold brigand (D:6)
  Blork the orc (D:4)
  4 bullfrogs
  2 scorpions
  10 wights
  4 killer bees (D:8)
  A bombardier beetle (D:5)
  4 hounds
  Crazy Yiuf (D:6)
  5 orc priests
  A gnoll bouda (D:9)
  8 iguanas
  6 orc wizards
  A hell rat (D:8)
  8 adders
  5 gnolls
  2 river rats (D:8)
  A shadow imp (D:6)
  2 ribbon worms (D:2)
  A dart slug (D:3)
  33 orcs
  2 bats (D:1)
  8 endoplasms
  3 giant cockroaches
  6 hobgoblins
  7 jackals
  6 quokkas
  9 ball pythons
  A frilled lizard (D:3)
  5 goblins
  10 kobolds
  8 rats
195 creatures vanquished.

Vanquished Creatures (others)
  An iguana (D:5)
1 creature vanquished.

Grand Total: 196 creatures vanquished

Notes
Turn   | Place    | Note
-------+----------+-------------------------------------------
     0 | D:1      | CInkIbrahim the Formicid Fighter began the quest for the
                  | Orb.
     0 | D:1      | Reached XP level 1. HP: 18/18 MP: 1/1
   291 | D:1      | Reached XP level 2. HP: 6/24 MP: 2/2
   496 | D:1      | Reached skill level 3 in Polearms
   744 | D:1      | Found a faded altar of an unknown god.
   776 | D:1      | Reached XP level 3. HP: 29/29 MP: 3/3
  1498 | D:2      | Identified the +10 bardiche of the Forest {protect, +Blink
                  | rC+}
  1620 | D:2      | Found Banu's Book Boutique.
  1634 | D:2      | Reached skill level 4 in Polearms
  1634 | D:2      | Reached XP level 4. HP: 34/35 MP: 4/4
  2212 | D:3      | Found an ancient bone altar of Kikubaaqudgha.
  2316 | D:3      | Found a stormy altar of Qazlal.
  2324 | D:3      | Became a worshipper of Qazlal Stormbringer
  2406 | D:3      | Reached XP level 5. HP: 41/41 MP: 5/5
  2460 | D:3      | Found Suempan's Book Emporium.
  2874 | D:4      | Reached skill level 5 in Polearms
  2994 | D:4      | Noticed an ogre
  2998 | D:4      | Killed an ogre
  2999 | D:4      | Reached skill level 6 in Polearms
  2999 | D:4      | Reached XP level 6. HP: 47/47 MP: 6/6
  3100 | D:4      | Noticed Blork the orc
  3103 | D:4      | Killed Blork the orc
  3285 | D:4      | Found Vegatz Piab's Distillery.
  3295 | D:4      | Bought a potion of curing for 33 gold pieces
  3295 | D:4      | Bought a potion of invisibility for 88 gold pieces
  3295 | D:4      | Bought a potion of enlightenment for 55 gold pieces
  3376 | D:4      | Found a staircase to the Ecumenical Temple.
  3501 | D:4      | Reached * piety under Qazlal
  3502 | D:4      | Reached XP level 7. HP: 44/52 MP: 7/7
  3513 | D:4      | Reached skill level 7 in Polearms
  3776 | D:5      | Entered Level 5 of the Dungeon
  3892 | D:5      | Noticed Sigmund
  3895 | D:5      | Killed Sigmund
  3896 | D:5      | Reached skill level 8 in Polearms
  4006 | D:5      | Reached XP level 8. HP: 24/58 MP: 8/8
  4011 | D:5      | Reached skill level 9 in Polearms
  4340 | D:5      | Reached skill level 10 in Polearms
  4763 | D:6      | Reached XP level 9. HP: 54/64 MP: 9/9
  4781 | D:6      | Reached skill level 11 in Polearms
  4952 | D:6      | Noticed a troll
  4952 | D:6      | Noticed Swimmer's ghost (novice MiFi)
  4957 | D:6      | Noticed a cyclops
  4972 | D:6      | Found a runed translucent gate.
  4972 | D:6      | Found a runed translucent gate.
  4972 | D:6      | Found a runed translucent gate.
  5024 | D:6      | Reached ** piety under Qazlal
  5365 | D:6      | Found a snail-covered altar of Cheibriados.
  5376 | D:6      | Found a blossoming altar of Fedhas.
  5504 | D:6      | Found a runed translucent door.
  5505 | D:6      | Noticed Crazy Yiuf
  5512 | D:6      | Killed Crazy Yiuf
  5513 | D:6      | Reached skill level 12 in Polearms
  5658 | D:7      | Found a flagged portal.
  5866 | D:7      | Found a broken altar of Ashenzari.
  5866 | D:7      | Found a hazy altar of Hepliaklqana.
  5874 | D:7      | Found an ornate altar of the Wu Jian Council.
  5877 | D:7      | Found an opulent altar of Gozag.
  5879 | D:7      | Found a glowing golden altar of the Shining One.
  6109 | D:7      | Reached skill level 1 in Invocations
  6115 | D:7      | Reached skill level 13 in Polearms
  6115 | D:7      | Reached XP level 10. HP: 69/70 MP: 9/11
  6115 | D:7      | Reached *** piety under Qazlal
  7025 | D:8      | Reached skill level 14 in Polearms
  7030 | D:8      | Reached skill level 5 in Invocations
  7080 | D:8      | Noticed a death yak
  7082 | D:8      | Noticed a death yak
  7083 | D:8      | Noticed a death yak
  7090 | D:8      | Killed a death yak
  7094 | D:8      | Killed a death yak
  7095 | D:8      | Reached skill level 15 in Polearms
  7095 | D:8      | Reached XP level 11. HP: 34/75 MP: 14/14
  7098 | D:8      | Killed a death yak
  7105 | D:8      | Reached **** piety under Qazlal
  7287 | D:8      | Found a staircase to the Lair.
  7538 | D:9      | Noticed a two-headed ogre
  7578 | D:8      | HP: 1/75 [two-headed ogre/+0 giant club (14)]
  7578 | D:8      | Slain by a two-headed ogre

Illustrated notes

Levels and vault maps discovered:
D:1:      kennysheep_arrival_seaside, layout_basic,
          chequers_ecumenical_altar_grove
D:2:      layout_basic, serial_shops, nicolae_book_shop_shelving, minmay_unequal
D:3:      layout_loops_ring, mainiacjoe_overflow_large_starburst, serial_shops,
          shop
D:4:      layout_gridville, minmay_temple_entry_antechambers, serial_shops,
          nicolae_shop_industrial_runoff, uniq_blork_the_orc
D:5:      layout_basic, portal_sewer_entry_d, columned_hall_lemuel,
          eino_small_chamber_without_monster, minmay_between, uniq_sigmund
D:6:      layout_basic, amethyst_overflow_temple_binary, gammafunk_ghost_split,
          st_stairs_3, serial_library_regret_index_multi,
          uniq_crazy_yiuf_cottage
D:7:      layout_rooms, chequers_temple_overflow_minitemple, enter_bailey_2
D:8:      layout_loops_ring, dpeg_lair_monsters
D:9:      layout_cave_pools

Skill      XL: |  1  2  3  4  5  6  7  8  9 10 |
---------------+-------------------------------+-----
Polearms       | 3 4 6 8 10 13 15 | 15.7
Invocations    | 1 5 |  5.0
Fighting       | |  3.2
Armour         | |  3.2
Shields        | |  4.0

Action                     |  1- 3 |  4- 6 |  7- 9 | 10-12 || total
---------------------------+-------+-------+-------+-------++-------
  Melee: Trident           |   114 |       |       |       ||   114
         Bardiche          |     8 |    72 |   164 |   119 ||   363
    Use: Potion            |       |       |     1 |     1 ||     2
         Scroll            |       |       |     5 |     2 ||     7
   Stab: Invisible         |       |       |     3 |       ||     3
 Armour: Scale mail        |    64 |    44 |    96 |    84 ||   288
  Dodge: Dodged            |    56 |    28 |    66 |    31 ||   181
  Block: Buckler           |    16 |    21 |    54 |    54 ||   145
